AoeStats
← LG73

Oasis

509712740Analyzed
2v2 RM · 3d ago on Sep 27, 2026· 52m 28s· 4 players
Game mode
Random Map
Map size
Medium (4 player)
Population
200
Speed
Normal
Resources
Standard
Victory
Conquest
Starting age
Dark Age
Ending age
Imperial Age
RankedLock teamsTeams togetherTeam positionsShared explorationLock speedFull tech treeHidden civsTurbo modeCheats
Victory
Defeat
🇦🇷 Britons · Argentina
1200
+15
🇦🇷 Franks · Argentina
1194
+16
🇬🇧 Berbers · United Kingdom
1192
-16
🇬🇧 Khmer · United Kingdom
1181
-15
Ling
11:24 Feudal Age
16:09 Castle Age
14:50 Double-Bit Axe
16:01 Fletching
16:54 Loom
19:50 Bow Saw
21:44 Horse Collar
23:00 Town Watch
25:26 Wheelbarrow
26:24 Padded Archer Armor
29:29 Scale Barding Armor
31:06 Bloodlines
31:48 Forging
32:16 Gold Mining
32:56 Chain Barding Armor
33:40 Iron Casting
37:31 Imperial Age
35:53 Hand Cart
35:53 Tusk Swords
36:47 Husbandry
38:04 Elite Battle Elephant
41:06 Plate Barding Armor
41:59 Gold Shaft Mining
41:17 Stone Mining
42:58 Blast Furnace
42:47 Conscription
42:23 Light Cavalry
43:56 Heavy Scorpion
44:44 Hussar
48:44 Double Crossbow
49:52 Bodkin Arrow
LG73
8:46 Loom
11:05 Feudal Age
11:51 Double-Bit Axe
25:17 Castle Age
24:12 Gold Mining
24:04 Horse Collar
24:17 Stone Mining
26:39 Bloodlines
26:30 Husbandry
36:24 Gold Shaft Mining
38:47 Bow Saw
38:38 Heavy Plow
39:51 Fletching
40:02 Padded Archer Armor
41:03 Wheelbarrow
40:45 Bodkin Arrow
41:29 Leather Archer Armor
42:47 Ballistics
42:54 Kasbah
46:32 Stone Shaft Mining
46:12 Masonry
47:44 Forging
47:39 Scale Barding Armor
53:15 Imperial Age
53:25 Imperial Age
50:25 Pikeman
51:06 Squires
50:51 Arson
Rototom
7:13 Loom
9:35 Feudal Age
13:26 Forging
23:19 Castle Age
21:51 Fletching
22:42 Gold Mining
24:12 Husbandry
24:16 Double-Bit Axe
26:59 Bow Saw
30:20 Gold Shaft Mining
30:45 Wheelbarrow
30:12 Stone Mining
33:22 Bodkin Arrow
34:53 Hand Cart
37:36 Imperial Age
38:54 Cavalier
39:59 Conscription
39:08 Pikeman
39:48 Squires
39:36 Arson
40:34 Scale Barding Armor
41:05 Iron Casting
42:15 Chain Barding Armor
41:51 Halberdier
45:28 Plate Barding Armor
46:31 Scale Mail Armor
48:28 Light Cavalry
49:50 Paladin
53:55 Blast Furnace
53:12 Chain Mail Armor
Arielituzzz
7:28 Loom
9:31 Feudal Age
10:42 Double-Bit Axe
12:56 Horse Collar
13:41 Padded Archer Armor
16:03 Gold Mining
20:56 Castle Age
19:15 Fletching
22:19 Heavy Plow
22:55 Bow Saw
22:52 Bodkin Arrow
22:46 Crossbowman
26:55 Leather Archer Armor
28:34 Wheelbarrow
29:16 Wheelbarrow
29:04 Stone Mining
32:23 Hand Cart
36:07 Imperial Age
35:57 Gold Shaft Mining
35:33 Scale Barding Armor
36:24 Husbandry
37:24 Ballistics
37:43 Conscription
40:52 Pikeman
41:33 Squires
41:18 Gambesons
41:19 Arson
41:46 Forging
41:37 Scale Mail Armor
41:39 Bracer
41:55 Halberdier
50:20 Arbalester
Connection lost

Rejoining the realm…

Still unreachable

The connection could not be restored.

Session expired

The server has moved on; the page needs a fresh start.